 Dungeon Crawl Stone Soup version 0.26.1-11-gd32895ea62 (webtiles) character file.

Game seed: 6522319924461687012

277 Eitelfritz the Covered (level 6, -4/52 HPs)
             Began as a Hill Orc Fighter on May 6, 2021.
             Slain by an ogre
             ... wielding a +0 giant club
              (14 damage)
             ... on level 4 of the Dungeon.
             The game lasted 00:05:28 (3950 turns).

Eitelfritz the Covered (Hill Orc Fighter)           Turns: 3950, Time: 00:05:29

Health: -4/52      AC:  7    Str: 21    XL:     6   Next: 26%
Magic:  6/6        EV:  7    Int:  8    God:
Gold:   145        SH:  9    Dex: 10    Spells: 5/5 levels left

rFire    . . .     SeeInvis .   a - +0 long sword
rCold    . . .     Faith    .   c - +0 kite shield
rNeg     . . .     Spirit   .   b - +0 scale mail
rPois    .         Reflect  .   (no helmet)
rElec    .         Harm     .   g - scarf {+Inv}
rCorr    .         Rampage  .   (no gloves)
Will     .....                  (no boots)
Stlth    ..........             (no amulet)
HPRegen  0.17/turn              (no ring)
MPRegen  0.10/turn              (no ring)

@: no status effects
A: no striking features
a: Evoke Invisibility


You were on level 4 of the Dungeon.
You visited 1 branch of the dungeon, and saw 4 of its levels.

You collected 145 gold pieces.

Inventory:

Hand Weapons
 a - a +0 long sword (weapon)
Missiles
 k - 24 poisoned darts (quivered)
 l - a throwing net
 p - 2 boomerangs
Armour
 b - a +0 scale mail (worn)
 c - a +0 kite shield (worn)
 g - a scarf of invisibility (worn)
 m - a +0 cloak
 q - a +0 chain mail
Jewellery
 h - an uncursed ring of see invisible {unknown}
Scrolls
 e - 3 scrolls of enchant armour {unknown}
 f - a scroll of remove curse {unknown}
 i - 2 scrolls of teleportation {unknown}
 j - 2 scrolls of identify {unknown}
 n - a scroll of fear {unknown}
Potions
 d - a potion of might
 o - 2 potions of curing
 r - a potion of magic {unknown}


   Skills:
 + Level 4.2 Fighting
 + Level 4.2 Long Blades
 + Level 4.5 Armour
 + Level 0.7 Dodging
 + Level 4.3 Shields
 * Level 2.0 Evocations


You had 5 spell levels left.
You didn't know any spells.
Your spell library contained the following spells:

 Spells                   Type           Power        Failure   Level
 Sting                    Tmut/Pois      0%           99%         1
 Poisonous Vapours        Pois/Air       0%           100%        2
 Confusing Touch          Hex            0%           100%        3
 Gell's Gravitas          Tloc           0%           100%        3
 Ignite Poison            Fire/Tmut/Pois 0%           100%        3
 Mephitic Cloud           Conj/Pois/Air  0%           100%        3
 Olgreb's Toxic Radiance  Pois           0%           100%        4
 Petrify                  Tmut/Erth      0%           100%        4
 Metabolic Englaciation   Hex/Ice        0%           100%        5
 Yara's Violent Unravell  Hex/Tmut       0%           100%        5


Dungeon Overview and Level Annotations

Branches:
Dungeon (4/15)
 Temple: D:4-7

Altars:


Message History

You kill the gnoll!
You now have 145 gold pieces (gained 16).
Things that are here:
a +0 spear; a gnoll corpse; a gnoll skeleton
Things that are here:
a +0 spear; a gnoll corpse An ogre comes into view.
It is wielding a +0 giant club.
The ogre hits you with a +0 giant club!!
Ouch! That really hurt!
Unknown command.
You hit the ogre.
The ogre is lightly wounded.
You block the ogre's attack.
Your shield prevents you from hitting the ogre.
The ogre is lightly wounded.
The ogre hits you with a +0 giant club!
* * * LOW HITPOINT WARNING * * *
It was a potion of curing.
You feel better. The ogre hits you with a +0 giant club!
You die...

### ... ..# #.#
#.# #. #.# #.#
#.
#.###.##########
#.
#.#.....)).....#
#.
#.#.#.########.#
# #. #.#.#.# #.#
...###.##@..#.#
##.##
........O.###.#
##...##
.####........#
##.....#
#.....#####
#....... #.#####
##.....# #.
##...## # ##.##
###


You could see an ogre.

Vanquished Creatures
  An iguana (D:4)
  2 worker ants
  7 gnolls
  5 adders
  2 oozes
  A worm (D:2)
  2 dart slugs (D:2)
  3 leopard geckos (D:2)
  4 orcs (D:3)
  7 giant cockroaches
  6 goblins
  9 hobgoblins
  11 kobolds
  2 quokkas (D:3)
  A ball python (D:3)
  2 bats (D:1)
  7 frilled lizards
  8 rats
80 creatures vanquished.

Vanquished Creatures (others)
  A plant (D:1)
1 creature vanquished.

Grand Total: 81 creatures vanquished

Notes
Turn   | Place    | Note
-------+----------+-------------------------------------------
     0 | D:1      | Eitelfritz the Hill Orc Fighter began the quest for the
                  | Orb.
     0 | D:1      | Reached XP level 1. HP: 19/19 MP: 1/1
   233 | D:1      | Reached XP level 2. HP: 23/27 MP: 2/2
   644 | D:1      | Reached XP level 3. HP: 25/33 MP: 3/3
  1777 | D:2      | Reached XP level 4. HP: 40/40 MP: 4/4
  2079 | D:3      | Reached skill level 1 in Evocations
  2306 | D:3      | Reached XP level 5. HP: 43/46 MP: 5/5
  3606 | D:4      | Reached XP level 6. HP: 52/52 MP: 6/6
  3950 | D:4      | Slain by an ogre

Illustrated notes

Levels and vault maps discovered:
D:1:      doesnt_arrival_eight_statues, layout_loops_cross, serial_forest,
          infiniplex_forest_clump_double, infiniplex_forest_lined_room_,
          infiniplex_forest_end_2, infiniplex_forest_lined_1,
          infiniplex_forest_lined_4_way, infiniplex_forest_lined_4_way,
          infiniplex_forest_clump_long
D:2:      layout_loops_ring
D:3:      layout_basic
D:4:      layout_loops_ring, uniq_ijyb, uniq_crazy_yiuf_cottage

Skill      XL: |  1  2  3  4  5  6 |
---------------+-------------------+-----
Long Blades    | 3 4 |  4.2
Fighting       | 4 |  4.2
Armour         | 4 |  4.5
Evocations     | 1 2 |  2.0
Shields        | 4 |  4.3
Dodging        | |  0.7

Action                   |  1- 3 |  4- 6 || total
-------------------------+-------+-------++-------
Melee: Long sword        |   140 |   175 ||   315
  Use: Potion            |       |     1 ||     1
Armor: Scale mail        |    66 |    66 ||   132
Dodge: Dodged            |    46 |    60 ||   106
Block: Kite shield       |    76 |    95 ||   171
       Rpst.: Long sword |     9 |    22 ||    31
